 Dungeon Crawl Stone Soup version 0.31.0-12-g77e489cdc1 (webtiles) character file.

Game seed: 4191048557022240561

1983 neocow the Thaumaturge (level 9, -1/40 HPs)
             Began as a Spriggan Alchemist on Feb 20, 2024.
             Shot with an arrow by a centaur (17 damage)
             ... on level 8 of the Dungeon.
             The game lasted 00:44:36 (6573 turns).

neocow the Thaumaturge (Spriggan Alchemist)         Turns: 6573, Time: 00:44:37

Health: -1/40      AC:  2    Str:  4    XL:     9   Next: 1%
Magic:  1/22       EV: 18    Int: 20    God:
Gold:   395        SH:  0    Dex: 16    Spells: 10/24 levels left

rFire   . . .        B - +0 dagger (protect)
rCold   . . .        (no shield)
rNeg    + . .        a - +0 robe
rPois   .            (helmet restricted)
rElec   .            (no cloak)
rCorr   .            (gloves unavailable)
SInv    +            (boots unavailable)
Will    +....        (no amulet)
Stlth   +++          v - ring of positive energy
HPRegen 0.26/turn    (no ring)
MPRegen 0.18/turn

%: no passive effects
@: very slightly contaminated, very quick
A: very small, no large weapons, unfitting armour, see invisible, speed 3,
mutation resistance 1
a: no special abilities


You were on level 8 of the Dungeon.
You visited 2 branches of the dungeon, and saw 9 of its levels.

You collected 395 gold pieces.

Inventory:

Hand Weapons
 d - a +0 sling
 w - a +1 dagger of electrocution
 B - a +0 dagger of protection (weapon)
Missiles
 k - 52 stones
 u - 2 atropa-tipped darts
Armour
 a - a +0 robe (worn)
 c - a +0 pair of gloves
 m - a +0 robe
Jewellery
 v - a ring of positive energy (left hand)
Talismans
 F - a maw talisman
Wands
 y - a wand of charming (9)
 E - a wand of quicksilver (13)
Scrolls
 e - 3 scrolls of immolation {unknown}
 g - 8 scrolls of identify
 i - a scroll of amnesia {unknown}
 l - 2 scrolls of fog {unknown}
 o - a scroll of revelation {unknown}
 q - 2 scrolls of noise {unknown}
 r - a scroll of blinking {unknown}
 s - 2 scrolls of enchant weapon {unknown}
 t - a scroll of poison {unknown}
 x - 3 scrolls of vulnerability {unknown}
 C - a scroll of fear {unknown}
 D - 2 scrolls of teleportation {unknown}
Potions
 b - 4 potions of magic
 f - 3 potions of mutation
 h - a potion of haste {unknown}
 j - 4 potions of degeneration {unknown}
 n - 4 potions of cancellation {unknown}
 p - 5 potions of curing {unknown}
 z - a potion of lignification {unknown}
 A - a potion of might {unknown}
 G - a potion of brilliance {unknown}


   Skills:
 + Level 0.5 Fighting
 + Level 0.6 Short Blades
 + Level 4.2 Dodging
 + Level 5.6 Stealth
 - Level 8.4 Spellcasting
 + Level 3.6 Conjurations
 + Level 2.1 Fire Magic
 * Level 0.6 Air Magic
 * Level 7.6 Alchemy
 * Level 1.1 Evocations


You had 10 spell levels left.
You knew the following spells:

 Your Spells              Type           Power      Damage    Failure   Level
a - Sting                 Conj/Alch      100%       1d9       1%          1
b - Mercury Vapours       Alch/Air       50%        N/A       2%          2
c - Sticky Flame          Fire/Alch      28%        2d7       11%         4
d - Mephitic Cloud        Conj/Alch/Air  24%        N/A       4%          3
e - Olgreb's Toxic Radia  Alch           39%        N/A       3%          4

Your spell library contained the following spells:

 Spells                   Type           Power      Damage    Failure   Level
 Shock                    Conj/Air       68%        1d7       3%          1
 Swiftness                Air            11%        N/A       19%         3
 Airstrike                Air            5%         2d(1-17)  52%         4


Dungeon Overview and Level Annotations

Branches:
Dungeon (8/15)             Temple (1/1) D:5
   Lair: D:8-11

Altars:
Ashenzari
Dithmenos
Elyvilon
Fedhas
Gozag
Hepliaklqana
Kikubaaqudgha
Makhleb
Nemelex Xobeh
Okawaru
Qazlal
Ru
Sif Muna
Trog
Uskayaw
Vehumet
Wu Jian
Xom
Yredelemnul
The Shining One

Shops:
D:2 (   D:3 [   D:4 *   D:5 ?

Annotations:
D:8 Joseph


Innate Abilities, Weirdness & Mutations

You are very small and have problems with some larger weapons.
You are too small for most types of armour.
You have supernaturally acute eyesight. (SInv)
You cover ground extremely quickly. (Speed+++)
You are somewhat resistant to further mutation.


Message History

The centaur wields a +0 orcbow.
The centaur shoots an arrow.
The arrow hits you!
Casting: Sting (safe; 1% risk of failure)
Confirm with . or Enter, or press ? or * to list all spells.
Aiming: Sticky Flame (quite dangerous; 11% risk of failure)
Press: ? - help, Shift-Dir - straight line, f/p - Joseph
Aim: Joseph, wielding a +4 heavy quarterstaff and wearing a +0 leather armour (moderately wounded, confused, extremely poisoned)
The sticky flame hits Joseph.
Joseph is moderately wounded.
Joseph burns!
Joseph shakes off the sticky flame as it moves.
The centaur shoots an arrow.
The arrow closely misses you.
Casting: Sticky Flame (quite dangerous; 11% risk of failure)
Confirm with . or Enter, or press ? or * to list all spells.
You begin to radiate toxic energy.
Joseph looks as sick as possible!
The centaur is poisoned.
The centaur shoots an arrow.
The arrow hits you!
Casting: Olgreb's Toxic Radiance (dangerous; 3% risk of failure)
Confirm with . or Enter, or press ? or * to list all spells.
Aiming: Mephitic Cloud (dangerous; 4% risk of failure)
Press: ? - help, Shift-Dir - straight line, p - Joseph
Okay, then.
The centaur shoots an arrow.
The arrow completely misses you.
Joseph is engulfed in noxious fumes.
Joseph appears confused.
Casting: Mephitic Cloud (dangerous; 4% risk of failure)
Confirm with . or Enter, or press ? or * to list all spells.
Aiming: Mephitic Cloud (dangerous; 4% risk of failure)
Press: ? - help, Shift-Dir - straight line, p - Joseph You miscast Mephitic Cloud.
You are very lightly contaminated with residual magic.
Nothing appears to happen.
Joseph looks as sick as possible!
The centaur shoots an arrow.
The arrow closely misses you.
Casting: Mephitic Cloud (dangerous; 4% risk of failure)
Confirm with . or Enter, or press ? or * to list all spells.
Aiming: Mephitic Cloud (dangerous; 4% risk of failure)
Press: ? - help, Shift-Dir - straight line, f - centaur
Aim: a centaur, wielding a +0 orcbow (moderately wounded, poisoned, chance to affect: 81%)
You miscast Mephitic Cloud.
Nothing appears to happen.
Your toxic aura wanes.
The centaur shoots an arrow.
The arrow hits you!
You die...

............#
............#
............#
...c........#
...)........#
............#
............#
.......@....#######
..>).°@............
...○°.......######
#####°...........#
......##########.#
###### #.# #.# #.#
###################.#


You could see Joseph (confused, extremely poisoned) and a centaur (poisoned).

Vanquished Creatures
  A hornet (D:7)
  2 water moccasins (D:4)
  2 black bears
  An ice beast (D:4)
  3 centaurs
  4 ogres
  Blork the orc (D:6)
  2 bullfrogs (D:7)
  2 bombardier beetles (D:4)
  4 hounds
  A jelly (D:7)
  An orc priest (D:7)
  2 iguanas
  3 orc wizards
  4 gnolls (D:6)
  3 adders
  3 ribbon worms
  15 orcs
  3 bats
  5 endoplasms
  2 giant cockroaches (D:2)
  7 goblins
  7 hobgoblins
  3 jackals (D:1)
  2 quokkas
  4 ball pythons
  6 frilled lizards
  6 kobolds
  3 rats
102 creatures vanquished.

Notes
Turn   | Place    | Note
-------+----------+-------------------------------------------
     0 | D:1      | neocow the Spriggan Alchemist began the quest for the Orb.
     0 | D:1      | Reached XP level 1. HP: 9/9 MP: 5/5
   272 | D:1      | Reached skill level 3 in Spellcasting
   401 | D:1      | Found a faded altar of an unknown god.
   472 | D:1      | Reached XP level 2. HP: 13/13 MP: 5/7
   881 | D:2      | Found an iron altar of Okawaru.
  1004 | D:2      | Gained mutation: You are somewhat resistant to further
                  | mutation. [potion of mutation]
  1012 | D:2      | Found Hazem's Antique Weapon Shoppe.
  1245 | D:2      | Reached skill level 1 in Conjurations
  1245 | D:2      | Reached XP level 3. HP: 16/16 MP: 5/8
  1974 | D:3      | Found Gaut's Magic Scroll Boutique.
  2031 | D:3      | Found Puam's Armour Boutique.
  2175 | D:3      | Reached XP level 4. HP: 19/21 MP: 5/10
  2208 | D:3      | Noticed a scorpion
  2271 | D:4      | Noticed a water moccasin
  2289 | D:4      | Killed a water moccasin
  2290 | D:4      | Reached skill level 4 in Spellcasting
  2290 | D:4      | Reached XP level 5. HP: 24/24 MP: 6/12
  2362 | D:4      | Found a bloodstained altar of Trog.
  2409 | D:4      | Found a broken altar of Ashenzari.
  2618 | D:4      | Noticed an ice beast
  2632 | D:4      | Noticed a black bear
  2654 | D:4      | Killed an ice beast
  2655 | D:4      | Reached XP level 6. HP: 15/28 MP: 4/14
  2805 | D:4      | Reached skill level 5 in Spellcasting
  2805 | D:4      | Reached skill level 5 in Alchemy
  3119 | D:4      | Reached XP level 7. HP: 32/32 MP: 11/16
  3244 | D:4      | Reached skill level 6 in Spellcasting
  3385 | D:4      | Found Eneso's Serpentskin Sales.
  3630 | D:5      | Entered Level 5 of the Dungeon
  3900 | D:5      | Found a staircase to the Ecumenical Temple.
  3921 | Temple   | Found a transporter.
  3921 | Temple   | Found a transporter.
  3921 | Temple   | Found a transporter.
  3921 | Temple   | Found a transporter.
  3921 | Temple   | Entered the Ecumenical Temple
  4013 | Temple   | Learned a level 2 spell: Mercury Vapours
  4018 | Temple   | Learned a level 4 spell: Sticky Flame
  4022 | Temple   | Learned a level 3 spell: Mephitic Cloud
  4027 | Temple   | Learned a level 4 spell: Olgreb's Toxic Radiance
  4273 | D:5      | Found Koeweut's Magic Scroll Boutique.
  4307 | D:5      | Reached skill level 5 in Stealth
  4307 | D:5      | Reached XP level 8. HP: 37/37 MP: 9/19
  4575 | D:6      | Reached skill level 7 in Spellcasting
  4715 | D:6      | Reached skill level 1 in Fire Magic
  4725 | D:6      | Noticed Blork the orc
  4752 | D:6      | Killed Blork the orc
  5466 | D:7      | Noticed a hornet
  5473 | D:7      | Killed a hornet
  5474 | D:7      | Reached skill level 8 in Spellcasting
  5902 | D:7      | Found an ancient bone altar of Kikubaaqudgha.
  6090 | D:7      | Reached skill level 1 in Evocations
  6093 | D:7      | Reached XP level 9. HP: 33/40 MP: 14/22
  6556 | D:8      | Noticed Joseph
  6573 | D:8      | Shot with an arrow by a centaur

Illustrated notes

Levels and vault maps discovered:
D:1:      dpeg_arrival_refuge, layout_loops_ring,
          hellmonk_ecumenical_altar_zigzags, minmay_misc_feat_pillars,
          minmay_misc_feat_encased
D:2:      layout_rooms, basic_altar, serial_shops, nicolae_shop_window_shopping
D:3:      layout_rooms, serial_shops, shop_scrolls, shop, shop, shop_fountains,
          nicolae_shop_waterfront
D:4:      layout_loops_ring, old_standard_altar, ashenzari_altar_1,
          chequers_serial_rivers_micro_e, hangedman_abyss_or_decor_stagger,
          wad_floor_pattern_1, amethyst_killhole, guppyfry_shop_venom
D:5:      layout_cave_pools, minmay_temple_entry_trees, serial_shops,
          nicolae_shop_tiny_waterfront
D:6:      layout_rooms, uniq_blork_the_orc
D:7:      layout_basic, mainiacjoe_overflow_small_starburst
D:8:      layout_basic, uniq_joseph
Temple:   hellmonk_temple_divided_pantheon

Skill      XL: |  1  2  3  4  5  6  7  8 |
---------------+-------------------------+-----
Spellcasting   | 3 4 5 6 8 |  8.4
Conjurations   | 1 2 3 |  3.6
Alchemy        | 4 5 6 7 |  7.6
Dodging        | 3 4 |  4.2
Stealth        | 4 5 |  5.6
Fire Magic     | 2 |  2.1
Evocations     | 1 |  1.1
Fighting       | |  0.5
Short Blades   | |  0.6
Air Magic      | |  0.6

Action                     |  1- 3 |  4- 6 |  7- 9 || total
---------------------------+-------+-------+-------++-------
  Melee: Unarmed           |     1 |       |       ||     1
         Dagger            |       |       |    33 ||    33
   Cast: Sting             |    82 |    55 |    88 ||   225
         Mephitic Cloud    |       |       |    12 ||    12
         Olgreb's Toxic Ra |       |       |    12 ||    12
         Sticky Flame      |       |       |     3 ||     3
         Mercury Vapours   |       |       |     2 ||     2
    Use: Scroll            |     1 |       |       ||     1
         Potion            |     1 |       |       ||     1
   Stab: Sleeping          |       |       |     2 ||     2
         Confused          |       |       |     3 ||     3
 Armour: Robe              |     6 |     9 |    17 ||    32
  Dodge: Dodged            |    23 |    19 |    45 ||    87
